 Dungeon Crawl Stone Soup version 0.28-a0-1594-ga885d4b (webtiles) character file.

Game seed: 3806017499536519685

501 PidgeyThePirate the Shield-Bearer (level 6, -3/52 HPs)
             Began as a Demigod Fighter on Jan 20, 2022.
             Slain by an ogre (16 damage)
             ... on level 4 of the Dungeon.
             The game lasted 00:10:18 (4940 turns).

PidgeyThePirate the Shield-Bearer (Demigod Fighter) Turns: 4940, Time: 00:10:18

Health: -3/52      AC: 15    Str: 25      XL:     6   Next: 63%
Magic:  8/8        EV:  3    Int: 10      God:
Gold:   165        SH: 12    Dex: 12 (13) Spells: 5/5 levels left

rFire   . . .      SeeInvis .   a - +0 trident
rCold   . . .      Faith    .   j - +0 tower shield
rNeg    . . .      Spirit   .   f - +0 plate armour
rPois   .          Reflect  .   (no helmet)
rElec   .          Harm     .   d - +0 cloak
rCorr   .          Rampage  .   (no gloves)
Will    .....                   n - +2 pair of boots
Stlth   ..........              (no amulet)
HPRegen 0.17/turn               (no ring)
MPRegen 0.11/turn               (no ring)

@: no status effects
A: high mp 1, forlorn, divine attributes
a: no special abilities


You were on level 4 of the Dungeon.
You visited 1 branch of the dungeon, and saw 5 of its levels.

You collected 165 gold pieces.

Inventory:

Hand Weapons
 a - a +0 trident (weapon)
Missiles
 g - 4 poisoned darts (quivered)
 m - a throwing net
Armour
 b - a +0 scale mail
 c - a +0 buckler
 d - a +0 cloak (worn)
 f - a +0 plate armour (worn)
 j - a +0 tower shield (worn)
 n - a +2 pair of boots (worn)
Wands
 e - a wand of flame (25)
Scrolls
 h - 3 scrolls of identify
 k - 2 scrolls of teleportation
 l - a scroll of fear {unknown}
 o - a scroll of silence {unknown}
 p - a scroll of blinking {unknown}
 q - a scroll of immolation {unknown}
 r - a scroll of noise {unknown}
 s - a scroll of fog {unknown}
Potions
 i - 2 potions of resistance {unknown}


   Skills:
 + Level 4.2 Fighting
 + Level 3.9 Polearms
 + Level 3.5 Armour
 + Level 1.4 Dodging
 + Level 0.1 Stealth
 + Level 4.3 Shields


You had 5 spell levels left.
You didn't know any spells.
Your spell library contained the following spells:

 Spells                   Type           Power      Damage    Failure   Level
 Sandblast                Erth           0%         2d4       100%        1
 Passwall                 Tmut/Erth      0%         N/A       100%        2
 Stone Arrow              Conj/Erth      0%         3d7       100%        3
 Animate Dead             Necr           0%         N/A       100%        4
 Haunt                    Necr/Summ      0%         N/A       100%        7
 Infestation              Necr           0%         N/A       100%        8


Dungeon Overview and Level Annotations

Branches:
Dungeon (5/15)
 Temple: D:4-7

Shops:
D:3 ?   D:4 =


Innate Abilities, Weirdness & Mutations

You have an increased reservoir of magic. (+10% MP)
You shall have no god before yourself.
Your divine heritage dramatically boosts your attributes as you level up.


Message History

You throw a poisoned dart. The poisoned dart hits the ogre.
The ogre is poisoned.
You block the ogre's attack.
Throw: 9 darts (poison)
Press: ? - help, Q - select action, (/) - cycle Shift-Dir - straight line, f/p - ogre
Aim: an ogre, wielding a +0 giant spiked club (poisoned, 74% to hit)
You throw a poisoned dart. The poisoned dart hits the ogre.
The ogre looks even sicker.
You block the ogre's attack.
Throw: 8 darts (poison)
Press: ? - help, Q - select action, (/) - cycle Shift-Dir - straight line, f/p - ogre
Aim: an ogre, wielding a +0 giant spiked club (very poisoned, 74% to hit)
You throw a poisoned dart. The poisoned dart hits the ogre.
You block the ogre's attack.
Throw: 7 darts (poison)
Press: ? - help, Q - select action, (/) - cycle Shift-Dir - straight line, f/p - ogre
Aim: an ogre, wielding a +0 giant spiked club (lightly wounded, very poisoned, 74% to hit)
You throw a poisoned dart. The poisoned dart hits the ogre.
The ogre is lightly wounded.
You block the ogre's attack.
Throw: 6 darts (poison)
Press: ? - help, Q - select action, (/) - cycle Shift-Dir - straight line, f/p - ogre
Aim: an ogre, wielding a +0 giant spiked club (moderately wounded, very poisoned, 74% to hit)
You throw a poisoned dart. The poisoned dart hits the ogre.
The ogre is moderately wounded.
The ogre hits you with a +0 giant spiked club!
Throw: 5 darts (poison)
Press: ? - help, Q - select action, (/) - cycle Shift-Dir - straight line, f/p - ogre
Aim: an ogre, wielding a +0 giant spiked club (moderately wounded, poisoned, 74% to hit)
You throw a poisoned dart. The poisoned dart hits the ogre.
The ogre looks even sicker.
The ogre is moderately wounded.
The ogre hits you with a +0 giant spiked club!!
* * * LOW HITPOINT WARNING * * *
You see here a +0 dagger.
The ogre looks more healthy.
You see here a +1 pair of boots.
You see here a +1 pair of boots.
The ogre hits you with a +0 giant spiked club!
You die...

#.......# #........# ##
####.......# #........# .#
##.....####.# #........# .###
##..##### #.###........#
...###..## #..####.#.####
.#...#.###### ##.# #.#..#####
.###........######.# #........#
..##..#####[...O.#.####........#
.....## ######@.......(......#
....## ####............# #...##
#..#.........# ##...##
##########..#.#.......#
###...####...........#.#.......#
............#######....#.......#
##.......#..# #..#####.#####
#.....##.#..### #..## #.##
.......#[#....## #...# #..##


You could see an ogre.

Vanquished Creatures
  An ice beast (D:4)
  A scorpion (D:4)
  Crazy Yiuf (D:2)
  2 orc priests (D:4)
  Ijyb (D:3)
  An iguana (D:4)
  An orc wizard (D:3)
  A hound skeleton (D:4)
  Robin (D:3)
  4 gnolls
  4 adders
  An adder skeleton (D:4)
  2 worms
  A dart slug (D:4)
  3 orcs
  4 ball pythons
  6 bats
  8 endoplasms
  A giant cockroach (D:1)
  15 goblins
  7 hobgoblins
  4 jackals (D:3)
  6 kobolds
  2 quokkas
  4 frilled lizards
  A rat (D:1)
83 creatures vanquished.

Notes
Turn   | Place    | Note
-------+----------+-------------------------------------------
     0 | D:1      | PidgeyThePirate the Demigod Fighter began the quest for the
                  | Orb.
     0 | D:1      | Reached XP level 1. HP: 18/18 MP: 3/3
   758 | D:1      | Reached XP level 2. HP: 26/26 MP: 4/4
  1440 | D:2      | Reached XP level 3. HP: 31/31 MP: 5/5
  1990 | D:2      | Found a runed translucent door.
  1991 | D:2      | Noticed Crazy Yiuf
  2070 | D:2      | Killed Crazy Yiuf
  2071 | D:2      | Reached XP level 4. HP: 32/38 MP: 6/6
  2407 | D:3      | Noticed Robin
  2431 | D:3      | Killed Robin
  2432 | D:3      | Reached skill level 1 in Dodging
  2673 | D:3      | Found Luesagg's Magic Scroll Boutique.
  2690 | D:3      | Noticed Ijyb
  2725 | D:3      | Killed Ijyb
  3107 | D:3      | Reached XP level 5. HP: 46/46 MP: 7/7
  3934 | D:4      | Reached XP level 6. HP: 34/52 MP: 8/8
  4322 | D:4      | Found Molybb's Jewellery Emporium.
  4465 | D:5      | Entered Level 5 of the Dungeon
  4940 | D:4      | Slain by an ogre

Illustrated notes

Levels and vault maps discovered:
D:1:      lordsloth_arrival_two_stooges, layout_loops_corners,
          dreamdust_ecumenical_altar_grove
D:2:      layout_loops_ring, basic_altar, uniq_crazy_yiuf_cottage
D:3:      layout_basic, zin_scriptorium, mainiacjoe_overflow_cross_hatched,
          serial_shops, nicolae_square_shop, nrook_mini_vaults, uniq_robin,
          uniq_ijyb
D:4:      layout_rooms, kennysheep_mini_moat, serial_shops,
          nicolae_shop_statue_plus
D:5:      layout_loops_ring, grunt_temple_overflow_cloverleaf

Skill      XL: |  1  2  3  4  5  6 |
---------------+-------------------+-----
Fighting       | 3 4 |  4.2
Polearms       | 2 3 |  3.9
Armour         | 3 |  3.5
Shields        | 3 4 |  4.3
Dodging        | 1 |  1.4
Stealth        | |  0.1

Action                   |  1- 3 |  4- 6 || total
-------------------------+-------+-------++-------
Melee: Trident           |   113 |   251 ||   364
Throw: Dart              |       |     7 ||     7
  Use: Potion            |     1 |     4 ||     5
       Scroll            |       |     2 ||     2
Armor: Plate armour      |    64 |   228 ||   292
       Scale mail        |     3 |       ||     3
Dodge: Dodged            |     9 |    23 ||    32
Block: Buckler           |     9 |       ||     9
       Tower shield      |    39 |   219 ||   258

Table legend: (Time is in decaauts)
 A = Elapsed time spent in this place.
 B = Non-inter-level travel time spent in this place.
 C = Inter-level travel time spent in this place.
 D = Time resting spent in this place.
 E = Time spent auto-exploring this place.
 F = Levels seen in this place.
 G = Mean time per level.
                   A        B        C        D        E       F      G
               +--------+--------+--------+--------+--------+-----+--------+
         Total |   5116 |   4868 |    248 |      0 |   3658 |   5 | 1023.2 |
       Dungeon |   5116 |   4868 |    248 |      0 |   3658 |   5 | 1023.2 |
               +--------+--------+--------+--------+--------+-----+--------+

Top non-repeatable levels by time:
     D:4: 1520 daAuts
     D:3: 1347 daAuts
     D:1: 1171 daAuts
     D:2: 1069 daAuts
     D:5: 6 daAuts
